Ikachan, neutral female human Valkyrie ---------------------------------------------------- |...................................................| |.-------------.---..(----------------------------..| |.|----- --- |.%.|..........................|..| |.||...| ----..(|.....).....).<...%*..........| |.||...--- |....---.....................%...)|..| |.||.....| |....|............................|.. |.|----..| --..------------------------------ |.| |..| |...%. |.| |..| ------'.--- |.-----..---|....@..| |...........|----.--- ------------|...|.| -------------...|.| |...............|.| |.---------------.| |.............^...| ------------------- Ikachan the Fighter Experience level: 8 Strength: 18/07 Dexterity: 10 Constitution: 16 Intelligence: 7 Wisdom: 9 Charisma: 10 Health: 0(67) Energy: 26(26) Def: 5 Gold: 315 Moves: 2924 Dungeon seed: MS_iPRyJy-25AO4e Game ID: Ikachan_1474726125 Your Inventory: Coins $ - 315 gold pieces Amulets x - an uncursed amulet versus poison (being worn) Weapons a - an uncursed +2 war hammer (weapon in hand) b - an uncursed +0 dagger u - 38 uncursed +0 darts (in quiver) Armor e - an uncursed +3 small shield (being worn) n - an uncursed +0 pair of speed boots (being worn) y - a blessed +0 dwarvish cloak (being worn) D - a blessed +0 pair of iron shoes Comestibles m - an uncursed sprig of wolfsbane P - 4 uncursed food rations S - an uncursed lichen corpse Scrolls j - an uncursed scroll of magic mapping s - an uncursed scroll of enchant armor v - 2 uncursed scrolls of identify z - an uncursed scroll of stinking cloud I - a blessed scroll of create monster W - an uncursed scroll of teleportation X - an uncursed scroll of destroy armor Z - 2 uncursed scrolls of light Potions f - an uncursed potion of hallucination g - an uncursed potion of gain energy k - an uncursed potion of see invisible l - a blessed potion of levitation p - 2 uncursed potions of extra healing A - an uncursed potion of acid F - a blessed potion of full healing H - an uncursed potion of sickness K - an uncursed potion of healing L - an uncursed potion of object detection O - an uncursed potion of booze T - an uncursed potion of water Wands d - an uncursed wand of digging (0:7) i - an uncursed wand of enlightenment (0:10) t - an uncursed wand of magic missile (0:2) Tools o - an uncursed expensive camera (0:68) B - an uncursed lock pick E - an uncursed oil lamp (0:1013) G - an uncursed mirror R - an uncursed +0 pick-axe (alternate weapon; not wielded) U - an uncursed brass lantern (0:1209) Gems q - 4 uncursed worthless pieces of blue glass r - an uncursed worthless piece of black glass N - 3 uncursed worthless pieces of yellowish brown glass Spells and supernatural/magical abilities: Name Level Category Fail Memory W - pray for help -- divine ? -- Your skills at the end: Miscellaneous Skills shield [Basic] wands [Basic] stealth [Basic] Weapon Skills dagger [Basic] hammer [Skilled] Spellcasting Skills Final Attributes: You were fervently aligned. You were cold resistant. You were poison resistant. You were somewhat stealthy. You could fly. You were held by a rope golem. You were very fast. You are dead. Vanquished creatures: 2 quantum mechanics an elf mummy a quivering blob a vampire bat 3 gnome kings a piranha a dwarf lord a snake a fire ant a yellow light 2 bugbears a fog cloud 14 gnome lords 5 gnomish wizards a jellyfish 2 giant ants a puppy a floating eye 15 dwarves an iguana a rothe a wererat a coyote 4 hobbits a yellow mold 50 gnomes a garter snake 2 foxes 4 newts 2 goblins 6 sewer rats 4 lichens a kobold zombie 134 creatures vanquished. Voluntary challenges: You were vegetarian. You did not cause conflict. You were not invisible. You did not have reflection. You were not displaced. You had been an atheist until turn 1852. You used a wielded weapon 191 times, starting on turn 1. You did not apply a unicorn horn. You did not use sinks. You read items or engraved 1 time, starting on turn 248. You never genocided any monsters. You never polymorphed an object. You never changed form. You used no wishes. You never split a pudding. You never wrote Elbereth's name. You never violated your personal moral code. You disabled loading bones files. Dungeon overview: The Dungeons of Doom: levels 1 to 5 Level 1 a long staircase Level 2 Level 3 a fountain Level 4 a sink stairs to The Gnomish Mines Level 5 a fountain The Gnomish Mines: levels 5 to 12 Level 5 stairs to The Dungeons of Doom Level 6 Level 7 Level 8 some shops, a temple to Loki, a magic chest, some trees Level 9 Level 10 Level 11 Level 12 <- You were here History has recorded: On T:1 you entered the Dungeons of Doom to retrieve the Amulet of Yendor! On T:204 you reached level 2 of The Dungeons of Doom. On T:407 you reached level 3 of The Dungeons of Doom. On T:473 you advanced to experience level 2. On T:729 you reached level 4 of The Dungeons of Doom. On T:896 you reached level 5 of The Dungeons of Doom. On T:953 you advanced to experience level 3. On T:1161 you reached level 1 of The Gnomish Mines. On T:1179 you advanced to experience level 4. On T:1287 you advanced to experience level 5. On T:1397 you reached level 2 of The Gnomish Mines. On T:1503 you reached level 3 of The Gnomish Mines. On T:1532 you advanced to experience level 6. On T:1739 you reached level 4 of The Gnomish Mines. On T:1847 you entered the Minetown temple On T:2084 you advanced to experience level 7. On T:2142 you reached level 5 of The Gnomish Mines. On T:2326 you reached level 6 of The Gnomish Mines. On T:2477 you reached level 7 of The Gnomish Mines. On T:2478 you advanced to experience level 8. On T:2684 you reached level 8 of The Gnomish Mines. On T:2684 you reached the bottom of the Mines. On T:2920 you prayed to Odin. Score breakdown: Gold: 315 ( 31 points) Experience: 8 levels ( 700 points) Exploration: 12 levels ( 330 points) Discoveries: 33 items ( 1650 points) Variety of kills: 33 monsters ( 1650 points) Major goal: reached Mine's End ( 1000 points) Survival: died (score multiplied by 3) Total score: 16083 Latest messages: The rope golem claws you! (2x) The rope golem grabs you! The candle's flame is extinguished. The tallow candle misses the rope golem. The rope golem claws you! (2x) You are being choked. You begin praying to Odin. You are surrounded by a shimmering light. The rope golem loosens its grip slightly. You feel that Odin is pleased. You feel more balanced. You cannot escape from the rope golem! The rope golem claws you! (2x) You are being choked. You hit the rope golem! (2x) The rope golem claws you! (2x) You are being choked. You die... Final status: Farvel Ikachan the Valkyrie, killed by a rope golem... You died in The Gnomish Mines on dungeon level 12 with 16083 points, and 315 pieces of gold, after 2924 moves. You were level 8 with a maximum of 67 hit points when you died.